 Dungeon Crawl Stone Soup version 0.24.0-1-gfbc8707 (webtiles) character file.

Game seed: 7763166487107232012, levelgen mode: deterministic

49 Buxparty the Slasher (level 3, -2/28 HPs)
             Began as a Mummy Gladiator on Jan 5, 2020.
             Killed from afar by a white imp (3 damage)
             ... with a puff of frost
             ... summoned by Natasha
             ... on level 2 of the Dungeon.
             The game lasted 00:03:02 (1178 turns).

Buxparty the Slasher (Mummy Gladiator)              Turns: 1178, Time: 00:03:03

Health: -2/28      AC:  4    Str: 18    XL:     3   Next: 51%
Magic:  3/3        EV: 12    Int:  7    God:
Gold:   69         SH:  0    Dex: 13    Spells: 2/2 levels left

rFire    x . .     SeeInvis .   a - +0 long sword
rCold    + . .     Gourm    .   (no shield)
rNeg     + + +     Faith    .   b - +0 leather armour
rPois    ∞         Spirit   .   c - +0 helmet
rElec    .         Reflect  .   (no cloak)
rCorr    .         Harm     .   (no gloves)
MR       .....                  (no boots)
Stlth    +.........             (no amulet)
HPRegen  0.09/turn              (no ring)
MPRegen  0.08/turn              (no ring)

@: no status effects
A: no food or potions, fire vulnerability, cold resistance 1, negative energy
resistance 3, torment resistance, unbreathing
a: no special abilities


You were on level 2 of the Dungeon.
You were not hungry.

You visited 1 branch of the dungeon, and saw 2 of its levels.

You collected 69 gold pieces.

Inventory:

Hand Weapons
 a - a +0 long sword (weapon)
Missiles
 d - 3 throwing nets (quivered)
 f - 7 boomerangs
 g - 14 poisoned darts
Armour
 b - a +0 leather armour (worn)
 c - a +0 helmet (worn)
Scrolls
 e - a scroll of remove curse {unknown}
 h - a scroll of amnesia {unknown}


   Skills:
 + Level 2.5 Fighting
 + Level 2.8 Long Blades
 - Level 1.5 Throwing
 + Level 1.1 Armour
 + Level 2.8 Dodging


You had 2 spell levels left.
You didn't know any spells.
Your spell library was empty.

Dungeon Overview and Level Annotations

Branches:
Dungeon (2/15)

Altars:
Fedhas

Annotations:
D:2 Natasha, Sigmund


Innate Abilities, Weirdness & Mutations

You do not eat or drink.
Your flesh is vulnerable to fire.
You are immune to poison.
Your flesh is cold resistant. (rC+)
You are immune to negative energy. (rN+++)
You are immune to unholy pain and torment.
You can survive without breathing.


Message History

The puff of frost hits you. You resist.
There is an open door here.
Natasha mumbles some strange words.
Natasha shimmers violently.
Natasha casts a spell at you. The magic dart hits you.
* * * LOW HITPOINT WARNING * * *
You see here a ball python corpse.
Natasha casts a spell.
Natasha mumbles some strange words.
There is an open door here.
The white imp gestures at you. The puff of frost hits you. You resist.
* * * LOW HITPOINT WARNING * * *
The white imp gestures at you. The puff of frost hits you. You resist.
* * * LOW HITPOINT WARNING * * *
The white imp gestures at you. The puff of frost hits you. You resist.
You die...

#..#..............###.....≈≈
#>................+........≈
#.....)....##.....########.≈
#^)........+..##### ######..
#..........##########.......
#........))'........'.......
#.#........##########.......
# #........##### #.......
#..!.....@...######.......
.'............'.5rh'@5.....
##............######5......
.............# #.......
.............# ####'###
............# #.#
........##### #.# .......
####r# ...... #...@#


You could see a white imp and a quokka.

Vanquished Creatures
  An adder (D:2)
  A dart slug (D:1)
  2 leopard geckos
  A giant cockroach (D:2)
  5 goblins
  6 hobgoblins
  5 kobolds
  A ball python (D:2)
  5 bats
  3 frilled lizards
  6 rats
36 creatures vanquished.

Notes
Turn   | Place    | Note
-------+----------+-------------------------------------------
     0 | D:1      | Buxparty the Mummy Gladiator began the quest for the Orb.
     0 | D:1      | Reached XP level 1. HP: 16/16 MP: 1/1
   172 | D:1      | Reached XP level 2. HP: 22/22 MP: 2/2
   725 | D:1      | Reached XP level 3. HP: 27/28 MP: 3/3
   893 | D:2      | Reached skill level 1 in Armour
  1027 | D:2      | Found a blossoming altar of Fedhas.
  1156 | D:2      | Noticed Natasha
  1157 | D:2      | Noticed Sigmund
  1177 | D:2      | HP: 1/28 [white imp/puff of frost[Natasha] (2)]
  1178 | D:2      | Killed from afar by a white imp

Levels and vault maps discovered:
D:1:      dpeg_arrival_subterranean_lakeside_camping, layout_loops_ring,
          chequers_garden
D:2:      layout_basic, fedhas_ov_isle_minmay, minmay_close_crescents,
          uniq_natasha, uniq_robin, uniq_sigmund

Skill      XL: |  1  2  3 |
---------------+----------+-----
Armour         | 1 |  1.1
Fighting       | |  2.5
Long Blades    | |  2.8
Throwing       | |  1.5
Dodging        | |  2.8

Action                   || total
-------------------------++-------
Melee: Long sword        ||   125
 Stab: Sleeping          ||     1
Armor: Leather armour    ||    39
Dodge: Dodged            ||   105
       Rpst.: Long sword ||    30
